 Dungeon Crawl Stone Soup version 0.28.0-53-g5a82cb258f (webtiles) character file.

Game seed: 15402312598847313149

3467 quixfox the Cleaver (level 9, -4/82 HPs)
             Began as a Minotaur Fighter on July 14, 2022.
             Was a Priest of Okawaru.
             Succumbed to a water moccasin's poison
             ... on level 6 of the Dungeon.
             The game lasted 00:17:11 (7241 turns).

quixfox the Cleaver (Minotaur Fighter)              Turns: 7241, Time: 00:17:12

Health: -4/82      AC: 14    Str: 25    XL:     9   Next: 78%
Magic:  11/11      EV:  7    Int:  5    God:    Okawaru [***...]
Gold:   235        SH:  4    Dex: 10    Spells: 8/8 levels left

rFire   . . .      SeeInvis .   a - +0 war axe
rCold   . . .      Faith    .   c - +0 buckler
rNeg    . . .      Spirit   .   f - +1 plate armour
rPois   .          Reflect  .   (helmet restricted)
rElec   .          Harm     .   (no cloak)
rCorr   .          Rampage  .   (no gloves)
Will    .....                   (no boots)
Stlth   ..........              i - amulet of the acrobat
HPRegen 0.23/turn               (no ring)
MPRegen 0.12/turn               (no ring)

@: lethally poisoned (-4 -> -24), slowed, very slow
A: horns 2, retaliatory headbutt
a: Renounce Religion, Heroism


You were on level 6 of the Dungeon.
You worshipped Okawaru.
Okawaru was most pleased with you.
You visited 2 branches of the dungeon, and saw 8 of its levels.

You collected 235 gold pieces.

Inventory:

Hand Weapons
 a - a +0 war axe (weapon)
 b - a +0 fustibalus
Missiles
 k - 5 boomerangs (quivered)
 l - 50 sling bullets
 q - a throwing net
Armour
 c - a +0 buckler (worn)
 f - a +1 plate armour (worn)
Jewellery
 i - an amulet of the acrobat (around neck)
Wands
 n - a wand of iceblast (10)
Scrolls
 j - 2 scrolls of identify
 m - a scroll of amnesia {unknown}
 p - 2 scrolls of enchant armour
 r - a scroll of blinking {unknown}
 s - a scroll of immolation {unknown}
 t - a scroll of fear
 v - a scroll of brand weapon {unknown}
 y - a scroll of teleportation {unknown}
 z - a scroll of vulnerability {unknown}
 A - a scroll of torment {unknown}
Potions
 d - 2 potions of might
 e - a potion of mutation
 h - 4 potions of heal wounds
 o - 2 potions of berserk rage
 w - 2 potions of resistance


   Skills:
 + Level 8.5 Fighting
 * Level 11.1 Axes
 + Level 8.6 Armour
 - Level 3.6 Shields
 + Level 5.2 Invocations


You had 8 spell levels left.
You didn't know any spells.
Your spell library contained the following spells:

 Spells                   Type           Power      Damage    Failure   Level
 Apportation              Tloc           0%         N/A       100%        1
 Corpse Rot               Necr/Air       0%         N/A       100%        2
 Poisonous Vapours        Pois/Air       0%         N/A       100%        2
 Borgnjor's Vile Clutch   Necr/Erth      0%         N/A       100%        5
 Animate Skeleton         Necr           Unusable   N/A       N/A         1
 Summon Small Mammal      Summ           Unusable   N/A       N/A         1
 Animate Dead             Necr           Unusable   N/A       N/A         4
 Death Channel            Necr           Unusable   N/A       N/A         6

Dungeon Overview and Level Annotations

Branches:
Dungeon (7/15)             Temple (1/1) D:4

Altars:
Cheibriados
Dithmenos
Elyvilon
Fedhas
Gozag
Hepliaklqana
Kikubaaqudgha
Makhleb
Nemelex Xobeh
Okawaru
Qazlal
Ru
Sif Muna
Trog
Uskayaw
Vehumet
Wu Jian
Xom
Yredelemnul
Zin
The Shining One


Innate Abilities, Weirdness & Mutations

You have a pair of horns on your head.
You reflexively headbutt those who attack you in melee.


Message History

You feel as though you will be slow longer.
The howler monkey barely misses you. You furiously retaliate!
You headbutt the howler monkey. You hit the howler monkey.
You kill the howler monkey!
Okawaru accepts your kill.
You hit the hornet.
You feel very sick. The hornet stings you!
You feel as though you will be slow longer.
The hornet stings you but does no damage.
You feel sick. You block the hornet's attack.
You feel sick.
The hornet stings you but does no damage.
The water moccasin completely misses you.
You feel sick. You block the hornet's attack. The hornet barely misses you.
The water moccasin bites you!
* * * LOW HITPOINT WARNING * * *
There is a stone staircase leading up, spattered with blood here.
Things that are here:
a scroll of noise; a potion of attraction You feel better.
The hornet stings you but does no damage.
The water moccasin bites you.
* * * LOW HITPOINT WARNING * * *
You are poisoned.
The water moccasin poisons you! The hornet closely misses you.
The water moccasin bites you but does no damage.
* * * LOW HITPOINT WARNING * * *
You feel very sick.
The hornet stings you but does no damage.
The water moccasin barely misses you. The hornet stings you!
* * * LOW HITPOINT WARNING * * *
You feel as though you will be slow longer.
The water moccasin bites you.
* * * LOW HITPOINT WARNING * * *
You are more poisoned.
The water moccasin poisons you!
You climb upwards.
You die...

.....## ##.##... ....(.#
##..###.. ......### ##....##..
........##### ##......#..
............###### ##..##.).##.
.................#####..#####..#.
.......###.............## ##..#
.......# ##....y......## ##..
.......####.....@....## ##.
........##......S....## ##
......#..#.....(......##
.....###...............# .....#
##...........#..## .....#
#..####.....##..## ###### ##.##
#########..## #..# ##..## ####
###.#


You could see a hornet and a water moccasin.

Vanquished Creatures
  A two-headed ogre (D:6)
  Grinder (D:5)
  Duvessa (D:5)
  A water moccasin (D:6)
  A hornet zombie (D:7)
  An ice beast (D:6)
  3 sky beasts
  2 necrophages (D:6)
  A black bear (D:5)
  7 ogres
  A centaur (D:6)
  6 scorpions
  Dowan (D:5)
  A howler monkey (D:7)
  A bullfrog zombie (D:6)
  A gnoll shaman (D:5)
  4 hounds
  An orc priest (D:6)
  3 bullfrog skeletons (D:6)
  5 iguanas
  An orc wizard (D:6)
  6 gnolls (D:5)
  8 adders
  A shadow imp (D:6)
  2 white imps
  An ufetubus (D:6)
  2 worms (D:2)
  2 dart slugs
  10 orcs
  7 endoplasms
  4 giant cockroaches
  12 goblins
  7 hobgoblins
  2 jackals (D:4)
  11 quokkas
  9 ball pythons
  8 bats
  5 frilled lizards
  12 kobolds
  3 rats
156 creatures vanquished.

Vanquished Creatures (others)
  44 plants (D:2)
44 creatures vanquished.

Grand Total: 200 creatures vanquished

Notes
Turn   | Place    | Note
-------+----------+-------------------------------------------
     0 | D:1      | quixfox the Minotaur Fighter began the quest for the Orb.
     0 | D:1      | Reached XP level 1. HP: 19/19 MP: 0/0
   276 | D:1      | Reached skill level 3 in Axes
   276 | D:1      | Reached XP level 2. HP: 26/27 MP: 1/1
   331 | D:1      | Found a faded altar of an unknown god.
   826 | D:1      | Reached XP level 3. HP: 23/33 MP: 2/2
  1814 | D:2      | Found an opulent altar of Gozag.
  1870 | D:2      | Reached skill level 4 in Axes
  1872 | D:2      | Reached XP level 4. HP: 39/41 MP: 3/3
  3136 | D:4      | Noticed an ogre
  3148 | D:4      | Killed an ogre
  3149 | D:4      | Reached skill level 5 in Axes
  3149 | D:4      | Reached XP level 5. HP: 47/47 MP: 4/4
  3178 | D:4      | Found a staircase to the Ecumenical Temple.
  3187 | Temple   | Entered the Ecumenical Temple
  3248 | Temple   | Became a worshipper of Warmaster Okawaru
  3664 | D:4      | Noticed an ogre
  3670 | D:4      | Killed an ogre
  3671 | D:4      | Reached skill level 5 in Fighting
  3671 | D:4      | Reached skill level 5 in Armour
  3671 | D:4      | Reached XP level 6. HP: 56/56 MP: 5/5
  3731 | D:4      | You fall into a shaft and drop 2 floors!
  3879 | D:6      | Reached skill level 6 in Axes
  3892 | D:6      | Noticed a sky beast
  3911 | D:6      | Killed a sky beast
  4066 | D:6      | Reached * piety under Okawaru
  4067 | D:6      | Reached skill level 1 in Invocations
  4067 | D:6      | Reached XP level 7. HP: 56/62 MP: 6/6
  4179 | D:6      | Noticed a two-headed ogre
  4190 | D:6      | Killed a two-headed ogre
  4191 | D:6      | Reached skill level 8 in Axes
  4191 | D:6      | Reached XP level 8. HP: 67/71 MP: 5/9
  4243 | D:5      | Entered Level 5 of the Dungeon
  4255 | D:5      | Reached ** piety under Okawaru
  4282 | D:5      | Noticed Grinder
  4298 | D:5      | Killed Grinder
  4398 | D:5      | Reached skill level 9 in Axes
  5390 | D:5      | Reached XP level 9. HP: 66/79 MP: 9/11
  5586 | D:5      | Noticed Duvessa
  5586 | D:5      | Noticed Dowan
  5601 | D:5      | Killed Duvessa
  5615 | D:5      | Killed Dowan
  5627 | D:5      | Reached *** piety under Okawaru
  5925 | D:5      | Reached skill level 10 in Axes
  6691 | D:6      | Reached skill level 5 in Invocations
  7218 | D:7      | Reached skill level 11 in Axes
  7240 | D:7      | HP: 4/82 [water moccasin (1)]
  7241 | D:6      | Succumbed to a water moccasin's poison

Illustrated notes

Levels and vault maps discovered:
D:1:      matt_arrival_grand_opening, layout_basic, serial_forest,
          infiniplex_forest_clump_small, infiniplex_forest_fountain,
          infiniplex_forest_pool, infiniplex_forest_lined_2,
          infiniplex_forest_end_2, basic_ecumenical_altar
D:2:      wad_woods_stonehenge, layout_basic, kennysheep_generic_room_16
D:3:      layout_rooms
D:4:      layout_cave_pods, minmay_temple_entry_waves
D:5:      minmay_diamond_boxcup, layout_basic, chequers_serial_rivers_micro_c,
          minmay_misc_feat_rugged, serial_bayou_pond_d, serial_bayou_crossing,
          uniq_duvessa, uniq_grinder
D:6:      minmay_chambers_of_threes, layout_cave_pods, nicolae_zen_rock_garden
D:7:      layout_basic, due_unseen_surprise
Temple:   roderic_octagonal_lattice_temple

Skill      XL: |  1  2  3  4  5  6  7  8  9 |
---------------+----------------------------+-----
Axes           | 3 4 5 6 8 9 11 | 11.1
Fighting       | 4 5 6 7 8 |  8.5
Armour         | 4 5 6 7 8 |  8.6
Invocations    | 1 2 4 5 |  5.2
Shields        | |  3.6

Action                   |  1- 3 |  4- 6 |  7- 9 || total
-------------------------+-------+-------+-------++-------
Melee: War axe           |   112 |    82 |   215 ||   409
       Headbutt          |    11 |    11 |    36 ||    58
 Fire: Fustibalus        |       |    10 |    22 ||    32
Invok: Heroism           |       |       |     5 ||     5
  Use: Scroll            |       |       |     8 ||     8
       Potion            |       |       |     1 ||     1
Armor: Scale mail        |    32 |       |       ||    32
       Plate armour      |    19 |    49 |    94 ||   162
Dodge: Dodged            |    41 |    29 |    75 ||   145
Block: Buckler           |    23 |    15 |    44 ||    82
